 Dungeon Crawl Stone Soup version 0.29.1-2-gbd0b4ee654 (webtiles) character file.

Game seed: 6482763656160446935

865 safid the Shooter (level 7, -8/62 HPs)
             Began as a Minotaur Hunter on Nov 30, 2022.
             Was a Follower of Okawaru.
             Mangled by Maggie
             ... wielding a +1 scimitar of flaming
              (9 damage)
             ... on level 6 of the Dungeon.
             The game lasted 00:06:13 (4084 turns).

safid the Shooter (Minotaur Hunter)                 Turns: 4084, Time: 00:06:16

Health: -8/62      AC:  6    Str: 16    XL:     7   Next: 72%
Magic:  5/6        EV: 12    Int:  6    God:    Okawaru [*.....]
Gold:   155        SH:  0    Dex: 21    Spells: 6/6 levels left

rFire   . . .      SeeInvis .   a - +0 shortbow
rCold   . . .      Faith    .   (shield currently unavailable)
rNeg    . . .      Spirit   .   t - +0 scale mail
rPois   .          Reflect  .   (helmet restricted)
rElec   .          Harm     .   (no cloak)
rCorr   .          Rampage  .   (no gloves)
Will    .....                   (no boots)
Stlth   ++........              (no amulet)
HPRegen 0.20/turn               B - +6 ring of dexterity
MPRegen 0.10/turn               (no ring)

@: mesmerised
A: horns 2, retaliatory headbutt
a: Renounce Religion, Heroism


You were on level 6 of the Dungeon.
You worshipped Okawaru.
Okawaru was aware of your devotion.
You visited 2 branches of the dungeon, and saw 7 of its levels.

You collected 155 gold pieces.

Inventory:

Hand Weapons
 a - a +0 shortbow (weapon)
Missiles
 b - a throwing net
Armour
 t - a +0 scale mail (worn)
Jewellery
 B - a +6 ring of dexterity (left hand)
Wands
 u - a wand of flame (17)
Scrolls
 e - 6 scrolls of identify {unknown}
 f - 3 scrolls of teleportation {unknown}
 j - 3 scrolls of fog {unknown}
 l - a scroll of enchant weapon {unknown}
 m - a scroll of amnesia {unknown}
 o - 4 scrolls of silence {unknown}
 p - a scroll of fear {unknown}
 r - a scroll of enchant armour {unknown}
 y - a scroll of magic mapping {unknown}
 z - 2 scrolls of noise {unknown}
 A - 3 scrolls of poison {unknown}
Potions
 d - 6 potions of curing {unknown}
 g - 2 potions of mutation {unknown}
 i - a potion of magic {unknown}
 k - a potion of invisibility {unknown}
 n - 2 potions of haste {unknown}
 q - 3 potions of brilliance {unknown}
 s - a potion of heal wounds {unknown}
 v - 2 potions of flight {unknown}
 w - a potion of berserk rage {unknown}
 x - 2 potions of resistance {unknown}


   Skills:
 + Level 5.7 Fighting
 + Level 6.5 Ranged Weapons
 + Level 5.2 Dodging
 + Level 3.9 Stealth


You had 6 spell levels left.
You didn't know any spells.
Your spell library contained the following spells:

 Spells                   Type           Power      Damage    Failure   Level
 Sandblast                Erth           0%         2d4       88%         1
 Blink                    Tloc           0%         N/A       96%         2
 Passwall                 Tmut/Erth      0%         N/A       96%         2
 Poisonous Vapours        Pois/Air       0%         N/A       96%         2
 Frozen Ramparts          Ice            0%         1d1       99%         3
 Portal Projectile        Hex/Tloc       0%         N/A       99%         3
 Stone Arrow              Conj/Erth      0%         3d7       99%         3
 Corpse Rot               Necr/Pois/Air  0%         N/A       100%        4
 Ice Form                 Ice/Tmut       0%         N/A       100%        4
 Passage of Golubria      Tloc           0%         N/A       100%        4
 Manifold Assault         Tloc           0%         N/A       100%        5
 Yara's Violent Unravell  Hex/Tmut       0%         3d3       100%        5
 Storm Form               Tmut/Air       0%         N/A       100%        7
 Tukima's Dance           Hex            Unusable   N/A       N/A         3
 Summon Ice Beast         Ice/Summ       Unusable   N/A       N/A         4

Dungeon Overview and Level Annotations

Branches:
Dungeon (6/15)             Temple (1/1) D:5

Altars:
Ashenzari
Cheibriados
Elyvilon
Fedhas
Gozag
Makhleb
Nemelex Xobeh
Okawaru
Qazlal
Ru
Sif Muna
Trog
Uskayaw
Vehumet
Xom
Zin
The Shining One

Shops:
D:4 =(:*:

Annotations:
D:6 Maggie


Innate Abilities, Weirdness & Mutations

You have a pair of horns on your head.
You reflexively headbutt those who attack you in melee.


Message History

Fire: a) +0 shortbow
Press: ? - help, Q - select action, (/) - cycle Shift-Dir - straight line, f/p - Maggie
Aim: Maggie, wielding a +1 scimitar of flaming, wearing +2 swamp dragon scales and carrying a wand of iceblast (6) (heavily wounded, mesmerising, 74% to hit)
You shoot an arrow. The arrow barely misses Maggie.
The arrow closely misses the hound.
Maggie misses you. You furiously retaliate!
You headbutt Maggie!
Fire: a) +0 shortbow
Press: ? - help, Q - select action, (/) - cycle Shift-Dir - straight line, f/p - Maggie
Aim: Maggie, wielding a +1 scimitar of flaming, wearing +2 swamp dragon scales and carrying a wand of iceblast (6) (heavily wounded, mesmerising, 74% to hit)
You shoot an arrow. The arrow barely misses Maggie.
The arrow hits the hound!
You kill the hound!
Okawaru accepts your kill. Maggie casts a spell at you.
The bolt of fire misses you.
Fire: a) +0 shortbow
Press: ? - help, Q - select action, (/) - cycle Shift-Dir - straight line, f/p - Maggie
Aim: Maggie, wielding a +1 scimitar of flaming, wearing +2 swamp dragon scales and carrying a wand of iceblast (6) (heavily wounded, mesmerising, 74% to hit)
You shoot an arrow. The arrow hits Maggie!
Maggie is severely wounded.
Maggie barely misses you.
Fire: a) +0 shortbow
Press: ? - help, Q - select action, (/) - cycle Shift-Dir - straight line, f/p - Maggie
Aim: Maggie, wielding a +1 scimitar of flaming, wearing +2 swamp dragon scales and carrying a wand of iceblast (6) (severely wounded, mesmerising, 74% to hit)
You shoot an arrow.
The arrow hits Maggie but does no damage.
Maggie is severely wounded.
You feel like a meek peon again.
Maggie hits you with a +1 scimitar of flaming!
Maggie burns you.
Fire: a) +0 shortbow
Press: ? - help, Q - select action, (/) - cycle Shift-Dir - straight line, f/p - Maggie
Aim: Maggie, wielding a +1 scimitar of flaming, wearing +2 swamp dragon scales and carrying a wand of iceblast (6) (severely wounded, mesmerising, 70% to hit)
You shoot an arrow. The arrow barely misses Maggie.
Maggie hits you with a +1 scimitar of flaming.
Maggie burns you.
* * * LOW HITPOINT WARNING * * *
Maggie hits you with a +1 scimitar of flaming!
* * * LOW HITPOINT WARNING * * *
Maggie burns you!
You die...

#...)..#
#.###.#..#
#.......####
#..........# #
#.###.####.# ##.#
#.## #.# .....
#..###.#
......###.....###
.....†@@........#
.....?######.####
..... #.# ....
#.# ... #.. ..
##> . ##


You could see Maggie (mesmerising).

Vanquished Creatures
  A black bear (D:5)
  An ogre (D:6)
  A phantom (D:5)
  2 scorpions (D:5)
  2 jellies (D:5)
  An orc priest (D:6)
  2 hounds
  Jessica (D:3)
  6 iguanas
  Robin (D:3)
  5 adders
  2 white imps (D:5)
  An ufetubus (D:5)
  A dart slug (D:5)
  4 orcs
  5 endoplasms
  6 giant cockroaches
  16 goblins
  6 hobgoblins
  3 jackals (D:4)
  3 kobolds
  7 quokkas
  7 ball pythons
  4 bats
  5 frilled lizards
  6 rats
99 creatures vanquished.

Notes
Turn   | Place    | Note
-------+----------+-------------------------------------------
     0 | D:1      | safid the Minotaur Hunter began the quest for the Orb.
     0 | D:1      | Reached XP level 1. HP: 18/18 MP: 0/0
    63 | D:1      | Reached skill level 1 in Stealth
    87 | D:1      | Reached XP level 2. HP: 25/25 MP: 1/1
   451 | D:1      | Reached XP level 3. HP: 31/31 MP: 2/2
   877 | D:2      | Found a faded altar of an unknown god.
  1287 | D:3      | Noticed Jessica
  1294 | D:3      | Killed Jessica
  1295 | D:3      | Reached XP level 4. HP: 34/38 MP: 3/3
  1430 | D:3      | Noticed Robin
  1440 | D:3      | Reached skill level 5 in Ranged Weapons
  1447 | D:3      | Killed Robin
  1680 | D:4      | Found Metsuwk's Jewellery Boutique.
  1709 | D:4      | Found Xyecs's Weapon Shoppe.
  1900 | D:4      | Reached XP level 5. HP: 33/46 MP: 4/4
  2085 | D:4      | Found Atteagh's Book Emporium.
  2131 | D:4      | Found Gyobor's General Store.
  2358 | D:4      | Got Oshrimmee's Vellum of the Distorted Sky
  2467 | D:4      | Found Moteop's Book Boutique.
  2492 | D:5      | Entered Level 5 of the Dungeon
  2578 | D:5      | Noticed a phantom
  2587 | D:5      | Killed a phantom
  2588 | D:5      | Reached XP level 6. HP: 45/53 MP: 5/5
  2654 | D:5      | Found a staircase to the Ecumenical Temple.
  2692 | Temple   | Entered the Ecumenical Temple
  2692 | Temple   | Found a transporter.
  2692 | Temple   | Found a transporter.
  2909 | Temple   | Found a transporter.
  2909 | Temple   | Found a transporter.
  2929 | Temple   | Became a worshipper of Warmaster Okawaru
  3143 | D:5      | Reached skill level 5 in Fighting
  3143 | D:5      | Reached skill level 6 in Ranged Weapons
  3143 | D:5      | Reached XP level 7. HP: 32/61 MP: 6/6
  3848 | D:6      | Reached * piety under Okawaru
  3849 | D:6      | Reached skill level 5 in Dodging
  4066 | D:6      | Noticed Maggie
  4084 | D:6      | HP: 1/62 [Maggie/+1 scimitar of flaming (17)]
  4084 | D:6      | Mangled by Maggie

Illustrated notes

Levels and vault maps discovered:
D:1:      amcnicky_arrival_abandoned_market, layout_basic,
          kennysheep_decorative_pillar
D:2:      layout_rooms, ebering_ecumenical_altar_rust,
          kennysheep_generic_room_11
D:3:      layout_basic, item_on_display_a, uniq_robin, uniq_jessica
D:4:      layout_basic, serial_shops, shop, kennysheep_little_box, shop, shop,
          shop, minmay_box_of_dots
D:5:      layout_cave_pools, minmay_temple_entry_wispy
D:6:      layout_basic, mainiacjoe_overflow_24_doors,
          mainiacjoe_overflow_concentric_impassable, uniq_crazy_yiuf_cottage,
          uniq_maggie, uniq_duvessa, uniq_menkaure
Temple:   hellmonk_temple_divided_pantheon

Skill      XL: |  1  2  3  4  5  6  7 |
---------------+----------------------+-----
Stealth        | 1 2 3 |  3.9
Fighting       | 3 4 5 |  5.7
Dodging        | 3 4 5 |  5.2
Ranged Weapons | 5 6 |  6.5

Action                   |  1- 3 |  4- 6 |  7- 9 || total
-------------------------+-------+-------+-------++-------
 Fire: Shortbow          |    96 |   129 |    67 ||   292
Invok: Heroism           |       |       |     1 ||     1
Armor: Leather armour    |    11 |       |       ||    11
       Scale mail        |       |    42 |     6 ||    48
Dodge: Dodged            |    24 |    58 |    21 ||   103
